 Dungeon Crawl Stone Soup version 0.27.1 (webtiles) character file.

Game seed: 8133321080589475738

221 Atelerd the Digger (level 5, 0/31 HPs)
             Began as an Octopode Earth Elementalist on Sept 4, 2021.
             Slain by an iguana (10 damage)
             ... on level 5 of the Dungeon.
             The game lasted 00:03:29 (4447 turns).

Atelerd the Digger (Octopode Earth Elementalist)    Turns: 4447, Time: 00:03:30

Health: 0/31       AC:  1    Str:  8    XL:     5   Next: 98%
Magic:  4/9        EV: 17    Int: 18    God:
Gold:   181        SH:  0    Dex: 12    Spells: 4/9 levels left

rFire    . . .     SeeInvis .   c - +0 short sword
rCold    . . .     Faith    .   (no shield)
rNeg     . . .     Spirit   .   (helmet restricted)
rPois    .         Reflect  .   (no amulet)
rElec    .         Harm     .   n - +4 ring of evasion
rCorr    .         Rampage  .   (no ring)
Will     .....                  (no ring)
Stlth    +++.......             (no ring)
HPRegen  0.10/turn              (no ring)
MPRegen  0.11/turn              (no ring)
                                (no ring)
                                (no ring)

@: studying Transmutations
A: almost no armour, amphibious, 8 rings, camouflage 1, gelatinous body 1,
(nimble swimmer 1), tentacles
a: no special abilities


You were on level 5 of the Dungeon.
You visited 1 branch of the dungeon, and saw 5 of its levels.

You collected 181 gold pieces.

Inventory:

Hand Weapons
 c - a +0 short sword (weapon)
Missiles
 b - 91 stones
Jewellery
 n - a +4 ring of evasion (left tentacle)
Wands
 m - a wand of acid (13)
Scrolls
 e - 5 scrolls of teleportation {unknown}
 k - a scroll of vulnerability {unknown}
 l - 2 scrolls of torment {unknown}
 o - 3 scrolls of identify {unknown}
Potions
 a - 4 potions of mutation {unknown}
 d - a potion of lignification {unknown}
 f - a potion of degeneration {unknown}
 g - a potion of magic {unknown}
 h - a potion of might {unknown}
 i - a potion of haste {unknown}
 j - 2 potions of brilliance {unknown}
 p - a potion of curing {unknown}


   Skills:
 - Level 2.0 Dodging
 + Level 4.3 Stealth
 + Level 2.8 Spellcasting
 * Level 4.0 Transmutations
 * Level 4.4 Earth Magic


You had 4 spell levels left.
You knew the following spells:

 Your Spells              Type           Power      Damage    Failure   Level
a - Sandblast             Erth           36%        2d10      2%          1
b - Petrify               Tmut/Erth      17%        N/A       28%         4

Your spell library contained the following spells:

 Spells                   Type           Power      Damage    Failure   Level
 Passwall                 Tmut/Erth      14%        N/A       4%          2
 Corona                   Hex            2%         N/A       17%         1
 Stone Arrow              Conj/Erth      20%        3d8       21%         3
 Ensorcelled Hibernation  Hex/Ice        4%         N/A       26%         2
 Tukima's Dance           Hex            2%         N/A       45%         3
 Metabolic Englaciation   Hex/Ice        1%         N/A       99%         5
 Statue Form              Tmut/Erth      11%        N/A       99%         6


Dungeon Overview and Level Annotations

Branches:
Dungeon (5/15)
 Temple: D:4-7

Altars:
Makhleb
Trog
Wu Jian

Annotations:
D:4 exclusion: downstairs


Innate Abilities, Weirdness & Mutations

You cannot wear most types of armour.
You are amphibious.
You can wear up to eight rings at the same time.
Your skin changes colour to match your surroundings (Stealth+).
Your rubbery body absorbs attacks. (AC +1, EV +1)
((You are camouflaged near water. (Stealth+)))
You have tentacles for arms and can constrict up to eight enemies at once.


Message History

The blast of sand hits the iguana.
The iguana is moderately wounded.
The iguana bites you.
* * * LOW HITPOINT WARNING * * *
Unknown command.
Unknown command.
Casting: Sandblast (safe; 2% risk of failure)
Confirm with . or Enter, or press ? or * to list all spells.
Aiming: Sandblast (safe; 2% risk of failure)
Press: ? - help, Shift-Dir - straight line, f/p - iguana
Aim: an iguana (moderately wounded, 82% to hit)
The blast of sand hits the iguana but does no damage.
The iguana is moderately wounded.
The iguana misses you.
Unknown command.
Unknown command.
Unknown command.
Unknown command.
Unknown command.
Casting: Sandblast (safe; 2% risk of failure)
Confirm with . or Enter, or press ? or * to list all spells.
Aiming: Sandblast (safe; 2% risk of failure)
Press: ? - help, Shift-Dir - straight line, f/p - iguana
Aim: an iguana (moderately wounded, 82% to hit)
The blast of sand hits the iguana but does no damage.
The iguana is moderately wounded.
The iguana completely misses you.
Unknown command.
Unknown command.
Unknown command.
Unknown command.
Casting: Sandblast (safe; 2% risk of failure)
Confirm with . or Enter, or press ? or * to list all spells.
Aiming: Sandblast (safe; 2% risk of failure)
Press: ? - help, Shift-Dir - straight line, f/p - iguana
Aim: an iguana (moderately wounded, 82% to hit)
The blast of sand hits the iguana.
The iguana is heavily wounded.
The iguana bites you!
You die...

######### #.......#
#.l...... ### ##@......#
#.. ## #####.>.......
#.# ##.##............#
#.##.#................#
#<##..................#
##.#####.##.###.#.#.####
....# #.##.# #.#.#.#
##..# #.##.# #.#.#.#
#..# #.##.###.#.#


You could see an iguana.

Vanquished Creatures
  A centaur zombie (D:4)
  2 jellies
  An orc wizard (D:5)
  2 adders
  3 worms
  2 orcs (D:5)
  5 endoplasms
  5 giant cockroaches
  6 hobgoblins
  7 jackals (D:1)
  2 quokkas
  8 ball pythons
  4 bats
  7 frilled lizards
  8 goblins
  6 kobolds
  5 rats
74 creatures vanquished.

Notes
Turn   | Place    | Note
-------+----------+-------------------------------------------
     0 | D:1      | Atelerd the Octopode Earth Elementalist began the quest for
                  | the Orb.
     0 | D:1      | Reached XP level 1. HP: 11/11 MP: 3/3
   140 | D:1      | Reached XP level 2. HP: 6/17 MP: 0/5
   745 | D:1      | Reached XP level 3. HP: 18/21 MP: 4/6
   793 | D:1      | Found a faded altar of an unknown god.
  1501 | D:2      | You fall into a shaft and drop 1 floor!
  1754 | D:3      | Found a burning altar of Makhleb.
  2382 | D:3      | Reached XP level 4. HP: 27/27 MP: 7/7
  2417 | D:3      | Found an ornate altar of the Wu Jian Council.
  2589 | D:2      | Found a bloodstained altar of Trog.
  3448 | D:4      | Reached XP level 5. HP: 19/31 MP: 4/8
  3735 | D:4      | Learned a level 4 spell: Petrify
  4018 | D:5      | Entered Level 5 of the Dungeon
  4304 | D:5      | Noticed a lemure
  4447 | D:5      | Slain by an iguana

Illustrated notes

Levels and vault maps discovered:
D:1:      tarquinn_simple_flora_water_e, layout_loops_ring,
          hellmonk_ecumenical_altar_lost_god
D:2:      layout_loops_ring, basic_altar
D:3:      layout_loops_ring, lemuel_coloured_pillars_altar, marbit_many_paths,
          chequers_serial_rivers_room_a
D:4:      layout_basic
D:5:      layout_loops_ring, elyvilon_altar_4, minmay_temple_entry_antechambers,
          serial_shops, nicolae_inconvenience_store, ebering_ghost_sewer_f,
          uniq_pikel, uniq_sigmund

Skill      XL: |  1  2  3  4  5 |
---------------+----------------+-----
Stealth        | 3 4 |  4.3
Transmutations | 2 3 4 |  4.0
Earth Magic    | 4 |  4.4
Dodging        | |  2.0
Spellcasting   | |  2.8

Action                   |  1- 3 |  4- 6 || total
-------------------------+-------+-------++-------
Melee: Unarmed           |     5 |       ||     5
       Tentacles         |     6 |     4 ||    10
       Constrict         |     9 |     7 ||    16
       Short sword       |    32 |    27 ||    59
 Cast: Sandblast         |    43 |    34 ||    77
 Stab: Sleeping          |     8 |     3 ||    11
       Distracted        |     1 |       ||     1
Armor: Skin              |     3 |     1 ||     4
Dodge: Dodged            |    24 |    23 ||    47
